Construct Section Command Post
Selects Canadian Shock Battlegroup
Selects Incendiary Munitions
Construct Platoon Command Post
Selects Canadian Shock Section
Selects Incendiary Munitions
6-pounder Anti-tank Gun Team
Unlock M3 Stuart Light Tanks
Construct Company Command Post
Selects Churchill Crocodile Heavy Tank
Churchill Crocodile Heavy Tank
Unlock M3 Grant Medium Tanks
Unlock Towed 17-pounder Anti-tank Guns
17-pounder Anti-tank Gun Team